AoeStats
← Lagarto Fernando

Black Forest

508813530Analyzed
4v4 RM · 7d ago on Sep 24, 2026· 35m 32s· 8 players
Game mode
Random Map
Map size
Large (8 player)
Population
200
Speed
Normal
Resources
Standard
Victory
Conquest
Starting age
Dark Age
Ending age
Imperial Age
RankedLock teamsTeams togetherTeam positionsShared explorationLock speedFull tech treeHidden civsTurbo modeCheats
Victory
Defeat
🇭🇰 Vietnamese · Hong Kong SAR China
1269
+13
🇺🇸 Lithuanians · United States
1245
+14
🇹🇼 Varangians · Taiwan
1235
+14
🇹🇼 Italians · Taiwan
1203
+16
🇲🇽 Cumans · Mexico
1257
-16
🇲🇽 Turks · Mexico
1246
-16
🇪🇸 Vietnamese · Spain
1211
-15
🇨🇳 Franks · China
1097
-10
Octosaurus
10:38 Feudal Age
14:55 Castle Age
13:26 Double-Bit Axe
17:18 Bow Saw
17:40 Horse Collar
21:46 Wheelbarrow
21:00 Loom
23:45 Gold Mining
23:46 Stone Mining
28:15 Imperial Age
26:21 Hand Cart
26:46 Stone Shaft Mining
27:30 Scale Barding Armor
27:35 Forging
28:15 Bloodlines
28:05 Husbandry
29:00 Chain Barding Armor
28:44 Caravan
29:14 Coinage
28:11 Light Cavalry
28:21 Cavalier
29:46 Paladin
31:47 Plate Barding Armor
32:42 Guilds
33:32 Iron Casting
33:39 Light Cavalry
34:47 Conscription
mydogqmi
0:48 Loom
12:06 Feudal Age
12:37 Double-Bit Axe
18:18 Castle Age
16:32 Man-at-Arms
27:48 Town Watch
32:05 Wheelbarrow
33:11 Bow Saw
35:33 Fishing Lines
傳奇商店
12:48 Feudal Age
17:17 Castle Age
15:22 Horse Collar
20:16 Double-Bit Axe
23:21 Imperial Age
23:16 Fletching
24:35 Gold Mining
31:52 Loom
32:40 Bodkin Arrow
32:45 Padded Archer Armor
34:27 Chemistry
36:06 Thumb Ring
ocheda
1:53 Loom
11:16 Feudal Age
15:50 Castle Age
14:12 Double-Bit Axe
17:15 Bow Saw
17:04 Horse Collar
23:50 Gold Mining
26:07 Wheelbarrow
28:50 Imperial Age
26:13 Town Watch
26:45 Stone Mining
26:47 Fletching
27:19 Ballistics
27:27 Bodkin Arrow
28:00 Hand Cart
28:10 Padded Archer Armor
30:59 Two-Man Saw
30:10 Town Patrol
31:22 Chemistry
30:25 Bracer
33:19 Paper Money
32:35 Elite Rattan Archer
33:36 Leather Archer Armor
arky8a
3:09 Loom
10:35 Feudal Age
16:04 Castle Age
16:36 Double-Bit Axe
16:59 Horse Collar
20:32 Scale Barding Armor
20:38 Forging
23:19 Gold Mining
24:55 Padded Archer Armor
29:56 Imperial Age
28:19 Heavy Plow
28:34 Bow Saw
33:39 Two-Man Saw
32:21 Heavy Scorpion
33:40 Wheelbarrow
CapitanRexMx
2:42 Loom
11:05 Feudal Age
11:40 Double-Bit Axe
20:22 Horse Collar
21:01 Scale Mail Armor
24:26 Castle Age
23:27 Gold Mining
25:35 Bow Saw
27:31 Wheelbarrow
26:41 Town Watch
Lagarto Fernando
1:03 Loom
10:43 Feudal Age
11:20 Double-Bit Axe
11:17 Horse Collar
15:39 Fishing Lines
21:46 Wheelbarrow
23:44 Castle Age
22:07 Stone Mining
22:10 Gold Mining
25:48 Hand Cart
26:01 Heavy Plow
29:54 Imperial Age
28:10 Stone Shaft Mining
29:55 Forging
29:37 Fletching
29:48 Padded Archer Armor
29:59 Forging
32:57 Elite Rattan Archer
34:17 Iron Casting
33:42 Scale Mail Armor
33:37 Bodkin Arrow
34:29 Pikeman
35:09 Squires
、小普
10:29 Feudal Age
15:35 Castle Age
13:54 Double-Bit Axe
22:46 Gold Mining
25:31 Forging
25:26 Scale Barding Armor
26:28 Wheelbarrow
26:05 Loom
26:07 Town Watch
27:16 Gold Shaft Mining
30:03 Imperial Age
28:18 Hand Cart
28:41 Iron Casting
28:27 Chain Barding Armor
28:35 Bow Saw
28:10 Fishing Lines
28:37 Stone Mining
29:16 Husbandry
30:25 Chain Barding Armor
30:06 Cavalier
31:50 Blast Furnace
30:54 Chivalry
31:15 Conscription
30:55 Gillnets
32:33 Chemistry
31:50 Paladin
34:18 Plate Barding Armor
34:12 Ballistics
35:08 Light Cavalry
Connection lost

Rejoining the realm…

Still unreachable

The connection could not be restored.

Session expired

The server has moved on; the page needs a fresh start.